Map: 카이로스 정션 - 래더

Players

Patience

  • Race: Protoss Protoss
  • League: Master
  • Spawn Location: 5:00

soO - Winner!

  • Race: Zerg Zerg
  • Spawn Location: 11:00

Event: IEM Season 13 - Katowice Server Qualifiers America

VOD

Have the link to the VOD?

Description

Time

  • Played on: Jan. 6, 2019, 6:04 p.m.
  • Length: 8:23

All games in this series

Show
View Real Time Build Order
Export as new Build Order

Patience Protoss 

Build Orders: Oracle Opening 

Get SALT Encoding   

  12  0:00  Probe  
  13  0:12  Probe  
  14  0:18  Pylon  
  14  0:24  Probe  
  15  0:32  Probe  
  15  0:40  Forge  
  15  0:41  Probe  
  17  0:52  Probe  
  18  1:01  Gateway, Assimilator  
  19  1:04  Probe  
  19  1:16  Probe  
  20  1:32  Pylon  
  20  1:33  Pylon  
  20  1:34  Probe  
  21  1:47  Pylon  
  21  1:48  Pylon  
  21  1:50  Photon Cannon  
  21  1:59  Photon Cannon  
  21  2:08  Pylon  
  21  2:11  Cybernetics Core  
  21  2:13  Probe  
  22  2:19  Photon Cannon  
  22  2:24  Zealot  
  22  2:28  Probe  
  25  2:35  Assimilator  
  25  2:41  Probe  
  25  2:42  Stalker  
  25  2:43  Warp Gate  
  26  2:44  Pylon  
  28  2:54  Probe  
  29  3:13  Stalker  
  29  3:16  Stargate  
  31  3:29  Pylon  
  31  3:42  Probe  
  32  3:50  Nexus, Oracle  
  32  3:54  Probe  
  36  4:10  Pylon  
  36  4:11  Probe  
  37  4:18  Oracle  
  37  4:23  Probe  
  41  4:36  Probe  
  42  4:40  Gateway  
  42  4:44  Gateway  
  42  4:47  Oracle  
  42  4:48  Probe  
  46  5:02  Probe  
  46  5:03  Probe  
  48  5:10  Pylon  
  48  5:14  Probe  
  49  5:25  Probe  
  49  5:27  Probe  
  51  5:31  Shield Battery  
  51  5:36  Shield Battery  
  51  5:37  Probe, Adept  
  51  5:38  Zealot x2  
  58  5:46  Assimilator  
  58  5:49  Assimilator  
  58  5:50  Probe  
  59  5:57  Robotics Facility  
  59  6:00  Stalker x2  
  63  6:06  Probe, Zealot  
  57  6:23  Probe  
  57  6:24  Probe  
  53  6:30  Twilight Council  
  53  6:32  Probe, Pylon  
  52  6:34  Pylon  
  52  6:35  Probe  
  52  6:36  Warp Prism  
  54  6:40  Probe  
  57  6:47  Sentry x2, Probe  
  57  6:51  Sentry  
  57  6:52  Probe  
  65  6:56  Shield Battery  
  65  6:59  Probe, Pylon  
  61  7:14  Stalker x2  
  61  7:15  Stalker  
  55  7:16  Probe  
  55  7:18  Probe  
  52  7:24  Probe  
  53  7:30  Probe  
  53  7:33  Probe  
  53  7:34  Templar Archives  
  55  7:43  Probe  
  55  7:44  Immortal  
  56  7:45  Probe  
  56  7:47  Gateway  
  57  7:55  Probe  
  57  7:57  Probe  
  63  8:04  Adept x3  
Show
View Real Time Build Order
Export as new Build Order

soO Zerg - Winner!

Build Orders: Hatch First 

Get SALT Encoding   

  12  0:00  Drone  
  13  0:12  Overlord  
  13  0:16  Drone  
  14  0:30  Drone  
  15  0:42  Drone  
  16  0:47  Hatchery  
  15  0:51  Drone  
  15  0:56  Drone  
  17  0:59  Drone  
  18  1:10  Extractor  
  17  1:14  Spawning Pool  
  17  1:17  Drone  
  17  1:20  Drone  
  18  1:29  Drone  
  19  1:43  Drone  
  20  2:01  Queen  
  20  2:03  Roach Warren  
  20  2:05  Zergling x2  
  22  2:11  Drone x2  
  24  2:25  Extractor  
  24  2:26  Overlord  
  25  2:38  Drone  
  25  2:43  Roach  
  28  2:45  Roach  
  30  2:54  Drone x2  
  31  3:03  Ravager  
  30  3:07  Overlord  
  30  3:09  Spore Crawler  
  30  3:10  Ravager  
  29  3:22  Overlord  
  29  3:32  Drone  
  29  3:33  Drone  
  31  3:43  Hatchery  
  31  3:44  Drone  
  31  3:45  Metabolic Boost  
  31  3:51  Queen  
  33  3:56  Drone  
  34  4:18  Hatchery  
  34  4:21  Drone  
  34  4:25  Drone  
  34  4:26  Drone x2  
  34  4:28  Drone  
  34  4:31  Drone  
  39  4:36  Drone  
  40  4:44  Queen  
  43  4:52  Zergling x2  
  43  4:53  Zergling x2  
  43  4:56  Drone  
  45  5:02  Spore Crawler  
  45  5:05  Zergling x6  
  47  5:08  Overlord  
  47  5:12  Zergling x2  
  48  5:14  Queen  
  48  5:29  Drone x2  
  48  5:30  Queen, Drone  
  53  5:36  Drone  
  53  5:37  Drone  
  55  5:44  Roach x3  
  55  5:45  Roach, Zergling x2  
  64  5:51  Roach  
  64  5:54  Spore Crawler  
  64  5:58  Overlord x2, Zergling x2  
  64  6:01  Overlord  
  66  6:08  Overlord  
  64  6:11  Zergling x2  
  64  6:15  Zergling x2  
  64  6:16  Zergling x10  
  65  6:22  Queen  
  65  6:24  Ravager  
  65  6:25  Zergling x8  
  68  6:29  Spore Crawler  
  68  6:31  Queen  
  68  6:35  Drone x2  
  68  6:38  Drone x2  
  68  6:39  Lair  
  72  6:46  Drone x2  
  73  6:59  Zergling x8  
  74  7:06  Zergling x2  
  74  7:08  Zergling x2  
  73  7:11  Zergling x2  
  64  7:18  Zergling x2  
  64  7:22  Queen, Zergling x4  
  61  7:28  Drone x2  
  61  7:29  Drone x2  
  64  7:30  Hatchery  
  64  7:35  Drone x2  
  65  7:42  Drone x2  
  67  7:49  Drone x2  
  69  7:52  Evolution Chamber  
  69  7:53  Roach x3  
  69  7:57  Roach  
  69  7:58  Roach x2, Overlord  
  80  8:01  Extractor x2  
  80  8:04  Drone x2  
  80  8:05  Overlord, Drone  

Tags
 
Add a new tag
Caveats
  • Supply blocks, unpowered buildings, or Contaminate may cause inaccurate times.
  • Supply counts are checked every 10 seconds.